 Dungeon Crawl Stone Soup version 0.21.1-1-g345015fe64 (console) character file.

21 Kloppie the Cudgeler (level 2, -1/26 HPs)
             Began as a Ghoul Gladiator on July 21, 2018.
             Slain by a kobold
             ... wielding a +2 short sword of electrocution
              (14 damage)
             ... on level 2 of the Dungeon.
             The game lasted 00:01:18 (501 turns).

Kloppie the Cudgeler (Ghoul Gladiator)               Turns: 501, Time: 00:01:19

Health: -1/26      AC:  4    Str: 17    XL:     2   Next: 87%
Magic:  1/1        EV: 12    Int:  3    God:
Gold:   42         SH:  0    Dex: 10    Spells: 1/1 levels left

rFire    . . .     SeeInvis .   a - +0 flail
rCold    + . .     Gourm    .   (no shield)
rNeg     + + +     Faith    .   b - +0 leather armour
rPois    ∞         Spirit   .   c - +0 helmet
rElec    .         Reflect  .   (no cloak)
rCorr    .         Harm     .   (no gloves)
MR       .....                  (no boots)
Stlth    +.........             (no amulet)
HPRegen  0.00/turn              (no ring)
MPRegen  0.07/turn              (no ring)

@: rotting
A: rotting body, claws 1, carnivore, cold resistance 1, negative energy
resistance 3, inhibited regeneration, torment resistance, unbreathing
a: no special abilities


You were on level 2 of the Dungeon.
You were not hungry.

You visited 1 branch of the dungeon, and saw 2 of its levels.

You collected 42 gold pieces.

Inventory:

Hand Weapons
 a - a +0 flail (weapon)
Missiles
 d - 3 throwing nets (quivered)
Armour
 b - a +0 leather armour (worn)
 c - a +0 helmet (worn)
Scrolls
 e - a scroll of fear {unknown}
 h - a scroll of enchant weapon {unknown}
 i - 2 scrolls of identify {unknown}
 j - a scroll of magic mapping {unknown}
 k - 3 scrolls of amnesia {unknown}
 l - 2 scrolls of remove curse {unknown}
 m - a scroll of fog {unknown}
 n - a scroll of teleportation {unknown}
 o - a scroll of enchant armour {unknown}
Comestibles
 f - 2 rations
 g - 3 chunks of flesh


   Skills:
 + Level 3.0 Fighting
 + Level 3.2 Maces & Flails
 - Level 1.7 Throwing
 - Level 2.6 Dodging


You had one spell level left.
You didn't know any spells.

Dungeon Overview and Level Annotations

Branches:
Dungeon (2/15)

Altars:

Annotations:
D:2 Natasha


Innate Abilities, Weirdness & Mutations

Your body is rotting away.
You thrive on raw meat.
You are immune to poison.
You have sharp fingernails.
You are carnivorous and can eat meat at any time.
Your flesh is cold resistant. (rC+)
You are immune to negative energy. (rN+++)
You do not regenerate when monsters are visible.
You are immune to unholy pain and torment.
You can survive without breathing.


Message History

Found a scroll labeled ROVVIU ICUAMU PIUPN.
There is a stone staircase leading up here.
o - a scroll labeled ROVVIU ICUAMU PIUPN
There is a stone staircase leading up here.
You open the door.
There is an open door here.
A kobold and Natasha come into view.
The kobold is wielding a short sword of electrocution.
Natasha hisses angrily.
The kobold shouts!
A bat comes into view.
The bat hits you but does no damage.
You miss the bat. The bat barely misses you. The bat closely misses you.
The bat hits you but does no damage.
You barely miss the bat. The bat closely misses you.
You hit the bat but do no damage. The bat barely misses you.
The bat closely misses you. x2; Natasha claws you!
You barely miss Natasha. The bat hits you. Natasha barely misses you.
The kobold hits you with a short sword of electrocution.
* * * LOW HITPOINT WARNING * * *
You are electrocuted!
Ouch! That really hurt!
You die...

..........
#........#
#........# ..
........# ...
#..=....#
....##.......#
#....b.hK....#
#.@.....#
#.......#
##'######
#......#
#......#
#.<....#
#......#
#......#
#......#
#......#
#......#


You could see Natasha, a bat and a kobold.

Vanquished Creatures
  A dart slug (D:1)
  2 giant cockroaches (D:1)
  4 goblins (D:1)
  3 hobgoblins (D:1)
  4 bats (D:1)
  A frilled lizard (D:1)
  2 kobolds (D:1)
  A rat (D:1)
18 creatures vanquished.

Notes
Turn   | Place    | Note
-------+----------+-------------------------------------------
     0 | D:1      | Kloppie the Ghoul Gladiator began the quest for the Orb.
     0 | D:1      | Reached XP level 1. HP: 17/17 MP: 0/0
   123 | D:1      | Reached XP level 2. HP: 25/25 MP: 1/1
   496 | D:2      | Noticed Natasha
   501 | D:2      | Slain by a kobold

Skill      XL: |  1  2 |
---------------+-------+-----
Maces & Flails | 3 |  3.2
Fighting       | 3 |  3.0
Throwing       | |  1.7
Dodging        | |  2.6

Action                   || total
-------------------------++-------
Melee: Flail             ||    66
  Eat: Chunk             ||     6
Armor: Leather armour    ||    28
Dodge: Dodged            ||    58
